 Dungeon Crawl Stone Soup version 0.20.0-6-gd3061e9 (webtiles) character file.

4843 tv1990 the Covert (level 10, -8/63 HPs)
             Began as a Formicid Enchanter on May 28, 2017.
             Was a Believer of Ru.
             Killed from afar by Fannar (18 damage)
             ... with a bolt of cold
             ... on level 1 of the Lair of Beasts.
             The game lasted 00:31:21 (8139 turns).

tv1990 the Covert (Formicid Enchanter)              Turns: 8139, Time: 00:31:22

Health: -8/63      AC:  0    Str: 19    XL:     10   Next: 78%
Magic:  13/13      EV: 12    Int: 18    God:    Ru [**....]
Gold:   257        SH:  5    Dex: 14    Spells: 7/13 levels left

rFire    . . .     SeeInvis +   w - +3 dagger (drain)
rCold    . . .     Gourm    .   u - +0 buckler
rNeg     . . .     Faith    .   b - +0 robe
rPois    .         Spirit   .   (helmet unavailable)
rElec    .         Reflect  .   (no cloak)
rCorr    .         Harm     .   m - +1 pair of gloves
MR       +....                  f - +0 pair of boots
Stlth    ++++++....             (no amulet)
Regen    0.2/turn               n - ring of see invisible
MPRegen  0.2/turn               (no ring)

@: mighty
A: permanent stasis, dig shafts and tunnels, four strong arms, antennae 3,
hooves 1, clever 1, strong 1, wild magic 1, no potion heal 1, reduced AC 1
a: Dig, Shaft Self, Renounce Religion


You were on level 1 of the Lair of Beasts.
You worshipped Ru.
Ru was pleased with you.
You were hungry.

You visited 3 branches of the dungeon, and saw 10 of its levels.

You collected 397 gold pieces.
You spent 140 gold pieces at shops.

Inventory:

Hand Weapons
 a - a +2 dagger
 e - a +4 quick blade
 w - a +3 dagger of draining (weapon)
 x - a +0 dagger of speed
Armour
 b - a +0 robe (worn)
 f - a +0 pair of boots (worn)
 m - a +1 pair of gloves (worn)
 u - a +0 buckler (worn)
 D - a +0 cloak
Jewellery
 n - a ring of see invisible (left hand)
 E - an uncursed ring of resist corrosion {unknown}
Wands
 l - a wand of paralysis (13/24)
 F - a wand of disintegration (14/24)
Scrolls
 g - a scroll of teleportation
 h - 7 scrolls of identify
 j - 2 scrolls of fear
 k - 2 scrolls of enchant armour
 t - a scroll of amnesia
 v - 2 scrolls of magic mapping
 z - 3 scrolls of remove curse
Potions
 q - 2 potions of brilliance
 r - 4 potions of curing
 s - a potion of berserk rage
 C - a potion of flight
Books
 c - a book of Maledictions

   Spells                             Type                      Level
   a - Corona                         Hexes                        1
   b - Ensorcelled Hibernation        Hexes/Ice                    2
   c - Confuse                        Hexes                        3
   d - Tukima's Dance                 Hexes                        3
   e - Dazzling Spray                 Conjuration/Hexes            3
 o - a book of Misfortune

   Spells                             Type                      Level
   a - Confusing Touch                Hexes                        1
   b - Confuse                        Hexes                        3
   c - Gell's Gravitas                Translocation                3
   d - Petrify                        Transmutation/Earth          4
   e - Metabolic Englaciation         Hexes/Ice                    5
   f - Yara's Violent Unravelling     Hexes/Transmutation          5
 y - a book of Conjurations

   Spells                             Type                      Level
   a - Magic Dart                     Conjuration                  1
   b - Searing Ray                    Conjuration                  2
   c - Dazzling Spray                 Conjuration/Hexes            3
   d - Fulminant Prism                Conjuration/Hexes            4
   e - Force Lance                    Conjuration/Translocation    4
   f - Iskenderun's Mystic Blast      Conjuration                  4
Comestibles
 d - 4 bread rations
 i - 12 royal jellies
 B - 2 meat rations


   Skills:
 + Level 8.1 Short Blades
 - Level 1.7 Dodging
 * Level 14.6 Stealth
 - Level 3.0 Shields
 - Level 2.1 Spellcasting
 - Level 5.0 Hexes
 - Level 2.5 Ice Magic
 + Level 2.5 Evocations


You had 7 spell levels left.
You knew the following spells:

 Your Spells              Type           Power        Failure   Level  Hunger
a - Corona                Hex            ####...      4%          1    #......
b - Ensorcelled Hibernat  Hex/Ice        ###...       10%         2    ###....
c - Confuse               Hex            ####....     11%         3    ###....


Dungeon Overview and Level Annotations

Branches:
Dungeon (8/15)             Temple (1/1) D:6            Lair (1/6) D:8

Altars:
Ashenzari
Cheibriados
Dithmenos
Elyvilon
Fedhas
Gozag
Hepliaklqana
Kikubaaqudgha
Nemelex Xobeh
Okawaru
Qazlal
Ru
Sif Muna
Trog
Uskayaw
Vehumet
Xom
Yredelemnul
Zin
The Shining One

Shops:
D:5 }   D:8 %}*:

Annotations:
Lair:1 Fannar


Innate Abilities, Weirdness & Mutations

You cannot be hasted, slowed, berserked, paralysed or teleported.
You can dig through walls and to a lower floor.
Your four strong arms can wield two-handed weapons with a shield.
You have a pair of large antennae on your head. (SInv)
You take slightly more damage. (AC -5)
You have large cloven feet.
Your mind is acute. (Int +2)
Your muscles are strong. (Str +2)
Your spells are a little harder to cast, but a little more powerful.
Potions are less effective at restoring your health.


Message History

You block the ice beast's attack.
You miss Fannar.
Fannar is severely wounded.
You barely miss Fannar.
Fannar is severely wounded.
Fannar barely misses you. The ice beast hits you.
* * * LOW HITPOINT WARNING * * *
The ice beast freezes you!
* * * LOW HITPOINT WARNING * * *
You hit Fannar. You drain Fannar!
Fannar is almost dead.
Evoke which item? (* to show all) (? for menu, Esc to quit)
Aiming: Paralyse
Press: ? - help, Shift-Dir - straight line, f - ice beast
Aim: an ice beast (summoned, chance to defeat MR: 53%)
The ice beast resists with significant effort.
This wand has 13 charges left.
The ice beast closely misses you. Fannar gestures at you while chanting.
The bolt of cold hits you!
You die...

..............# ...
......$.......# ..
....P##+#.+...#
...........#..#
...#../...#..## ..
#......#..P#
.#......#..##
........e.Y..#
.........@#.......
....#......+.......
....#..##.##.......
....... ... .......
.###P.### .######
## ##


You could see Fannar and an ice beast.

Vanquished Creatures
  A two-headed ogre (D:8)
  The ghost of Armakuni the Gusty, a novice DgAE (D:5)
  A queen bee (D:8)
  Eustachio (D:6)
  A wyvern (D:7)
  A hungry ghost (D:7)
  A water moccasin (Lair:1)
  Duvessa (D:7)
  An orc warrior (D:6)
  3 sky beasts
  3 ogres
  A phantom (D:6)
  A centaur (D:8)
  3 bullfrogs
  A wyvern zombie (D:8)
  Dowan (D:7)
  6 scorpions
  14 killer bees (D:8)
  3 wights (D:8)
  3 howler monkeys (D:7)
  2 crimson imps
  A centaur zombie (D:7)
  A centaur skeleton (D:8)
  4 hounds
  7 orc wizards
  A gnoll shaman (D:6)
  2 bullfrog skeletons
  An iguana (D:4)
  4 worker ants
  2 hound zombies
  A hound skeleton (D:8)
  4 gnolls (D:6)
  7 adders
  A shadow imp (D:8)
  2 oozes
  An adder skeleton (D:8)
  3 adder zombies
  A worm (D:2)
  3 dart slugs
  3 leopard geckos
  19 orcs
  2 ball pythons
  9 giant cockroaches
  9 hobgoblins
  9 jackals (D:3)
  3 quokkas
  2 ball python skeletons (D:4)
  7 bats
  3 frilled lizards
  5 goblins
  A jackal skeleton (D:5)
  3 kobolds
  A quokka skeleton (D:4)
  A quokka zombie (D:7)
  4 rats (D:2)
177 creatures vanquished.

Vanquished Creatures (others)
  An orc (D:5)
1 creature vanquished.

Grand Total: 178 creatures vanquished

Notes
Turn   | Place    | Note
-------+----------+-------------------------------------------
     0 | D:1      | tv1990 the Formicid Enchanter began the quest for the Orb.
     0 | D:1      | Reached XP level 1. HP: 13/13 MP: 3/3
   188 | D:1      | Reached skill level 4 in Stealth
   233 | D:1      | Reached XP level 2. HP: 16/19 MP: 5/5
   258 | D:1      | Learned a level 2 spell: Ensorcelled Hibernation
   748 | D:2      | Reached XP level 3. HP: 24/24 MP: 6/6
   753 | D:2      | Learned a level 3 spell: Confuse
   803 | D:2      | Reached skill level 5 in Stealth
  1233 | D:2      | Found a white marble altar of Elyvilon.
  1239 | D:2      | Reached XP level 4. HP: 21/30 MP: 7/7
  2136 | D:4      | Noticed an ogre
  2148 | D:4      | Killed an ogre
  2148 | D:4      | Reached skill level 6 in Stealth
  2148 | D:4      | Reached XP level 5. HP: 35/35 MP: 8/8
  2149 | D:4      | Reached skill level 7 in Stealth
  2149 | D:4      | Reached XP level 6. HP: 41/41 MP: 9/9
  2279 | D:4      | You fall through a shaft!
  2279 | D:5      | Entered Level 5 of the Dungeon
  2488 | D:4      | You fall through a shaft for 3 floors!
  2731 | D:6      | Noticed Eustachio
  2746 | D:6      | Killed Eustachio
  2746 | D:6      | Reached skill level 8 in Stealth
  2746 | D:6      | Reached XP level 7. HP: 37/46 MP: 3/10
  2822 | D:5      | Noticed Armakuni's ghost (novice DgAE)
  2859 | D:5      | You fall through a shaft for 2 floors!
  3163 | D:4      | Reached skill level 1 in Shields
  3380 | D:4      | Found a stormy altar of Qazlal.
  3380 | D:4      | Found a shattered altar of Ashenzari.
  3411 | D:4      | Reached skill level 9 in Stealth
  3631 | D:4      | Reached XP level 8. HP: 52/52 MP: 11/11
  3685 | D:5      | Found Nyskum's Gadget Shop.
  3916 | D:5      | Killed Armakuni's ghost
  3916 | D:5      | Reached skill level 5 in Short Blades
  3916 | D:5      | Reached skill level 10 in Stealth
  4740 | D:6      | Found a snail-covered altar of Cheibriados.
  4813 | D:6      | Reached skill level 11 in Stealth
  4838 | D:6      | Reached XP level 9. HP: 51/57 MP: 9/12
  5052 | D:6      | Found a staircase to the Ecumenical Temple.
  5058 | Temple   | Entered the Ecumenical Temple
  5123 | Temple   | Became a worshipper of Ru the Awakened
  5425 | D:6      | Reached skill level 12 in Stealth
  5466 | D:6      | Gained mutation: Potions are less effective at restoring your health. [mutagenic meat]
  5467 | D:6      | Gained mutation: Your muscles are strong. (Str +2) [mutagenic meat]
  5468 | D:6      | Gained mutation: Your spells are a little harder to cast, but a little more powerful. [mutagenic meat]
  5469 | D:6      | Gained mutation: You have large cloven feet. [mutagenic meat]
  5470 | D:6      | Gained mutation: Your mind is acute. (Int +2) [mutagenic meat]
  5500 | D:6      | Identified a scroll of acquirement
  5950 | D:7      | Noticed Dowan
  6001 | D:7      | Noticed Duvessa
  6012 | D:7      | Killed Duvessa
  6031 | D:7      | Killed Dowan
  6031 | D:7      | Reached skill level 13 in Stealth
  6349 | D:8      | Found Rov Zunk's Food Boutique.
  6417 | D:8      | Reached skill level 1 in Ice Magic
  6473 | D:8      | Reached XP level 10. HP: 63/63 MP: 13/13
  6537 | D:8      | Gained mutation: You take slightly more damage. (AC -5) [Ru sacrifice]
  6537 | D:8      | Reached * piety under Ru
  6537 | D:8      | Reached ** piety under Ru
  6581 | D:8      | HP: 4/94 [wyvern zombie (5)]
  6616 | D:8      | HP: 1/94 [queen bee (7)]
  7026 | D:8      | Found Jiufae's General Store.
  7042 | D:8      | Found a hazy altar of Hepliaklqana.
  7061 | D:8      | Found Leatuur's Gadget Shop.
  7068 | D:8      | Reached skill level 5 in Hexes
  7070 | D:8      | Bought a wand of paralysis (8/24) for 140 gold pieces
  7083 | D:8      | HP: 3/63 [killer bee (9)]
  7152 | D:8      | Reached skill level 14 in Stealth
  7480 | D:8      | Found a staircase to the Lair.
  7604 | D:8      | Noticed a two-headed ogre
  7608 | D:8      | Killed a two-headed ogre
  7829 | D:8      | Found Yshriuwer's Book Emporium.
  8003 | Lair:1   | Entered Level 1 of the Lair of Beasts
  8112 | Lair:1   | Noticed Fannar
  8139 | Lair:1   | Killed from afar by Fannar

Skill      XL: |  1  2  3  4  5  6  7  8  9 10 |
---------------+-------------------------------+-----
Stealth        | 4 5 6 7 8 9 11 13 14 | 14.6
Short Blades   | 2 3 4 5 7 8 |  8.1
Shields        | 3 |  3.0
Ice Magic      | 1 2 |  2.5
Hexes          | 5 |  5.0
Evocations     | 2 |  2.5
Dodging        | |  1.7
Spellcasting   | |  2.1

Action                   |  1- 3 |  4- 6 |  7- 9 | 10-12 || total
-------------------------+-------+-------+-------+-------++-------
Melee: Dagger            |   105 |   122 |   405 |    97 ||   729
       Quick blade       |       |       |     3 |   141 ||   144
 Cast: Ensorcelled Hiber |     1 |     9 |    17 |     8 ||    35
       Confuse           |       |     2 |    10 |     3 ||    15
Invok: Sacrifice Health  |       |       |       |     1 ||     1
 Abil: Dig               |       |     2 |     4 |     3 ||     9
       Shaft Self        |       |     2 |     1 |       ||     3
Evoke: Wand              |       |       |       |     4 ||     4
  Use: Scroll            |       |    10 |    14 |     1 ||    25
       Potion            |       |     1 |     3 |     7 ||    11
 Stab: Sleeping          |    10 |     5 |    27 |    10 ||    52
       Distracted        |       |     1 |     3 |     1 ||     5
       Confused          |       |       |     1 |       ||     1
       Paralysed         |       |       |       |     2 ||     2
  Eat: Chunk             |     1 |     5 |    10 |     6 ||    22
       Meat ration       |       |     1 |     1 |       ||     2
       Bread ration      |       |       |     3 |       ||     3
Armor: Robe              |    21 |    26 |    54 |       ||   101
       Skin              |       |       |    15 |    45 ||    60
Dodge: Dodged            |    55 |    63 |   129 |    31 ||   278
Block: Buckler           |       |       |    48 |    26 ||    74

Vault maps used:
D:1:      eino_arrival_cavern_d, grunt_decor_fettered
D:2:      lemuel_coloured_pillars_altar
D:3:      minmay_misc_feat_chi
D:4:      gammafunk_temple_overflow_pools
D:5:      first_bread, kennysheep_small_square
D:6:      minmay_temple_entry_fiery, cheibriados_altar_1, uniq_eustachio
D:7:      enter_ossuary_5, uniq_duvessa
D:8:      lair_entry_dummy, basic_altar, serial_shops, nicolae_shop_waterfront,
          shop, shop_statue, shop, david_nohive_1
Temple:   hc_temple_tempest_star
Lair:1:   uniq_fannar
